[Event "*** Titled Tuesday Blitz"]
[Site "Chess.com"]
[Date "2020.12.29"]
[Round "10"]
[White "alexrustemov"]
[Black "Yoda1992"]
[Result "1-0"]
[WhiteElo "2682"]
[BlackElo "2509"]
[TimeControl "180+1"]
[EndTime "11:53:55 PST"]
[Termination "alexrustemov won by resignation"]

1. d4 d5 2. c4 c6 3. Nc3 Nf6 4. e3 e6 5. Nf3 Nbd7 6. Qc2 a6 7. b3 Bb4 8. Bd3 Qa5 9. Bd2 dxc4 10.
bxc4 e5 11. O-O O-O 12. a3 Bxc3 13. Bxc3 Qc7 14. dxe5 Ng4 15. Bxh7+ Kh8 16. e6 fxe6 17.
h3 Nge5 18. Nxe5 Nxe5 19. Be4 Nd7 20. Qe2 Nf6 21. Bxf6 Rxf6 22. Qh5+ Kg8 23. Qe8+ Rf8 24. Bh7+ Kxh7 25. Qxf8 b5 26. Rad1 Bb7 27. Qc5 Qf7 28. Rd6 Rf8 29. f3 Qg6 30. Qe5 Rf6 31. Rd7 Bc8 32.
Rc7 Rf5 33. Qe4 1-0

[Event "*** Titled Tuesday Blitz"]
[Site "Chess.com"]
[Date "2020.12.29"]
[Round "10"]
[White "AlexeiShirov"]
[Black "OparinGrigoriy"]
[Result "0-1"]
[WhiteElo "2841"]
[BlackElo "2975"]
[TimeControl "180+1"]
[EndTime "11:53:57 PST"]
[Termination "OparinGrigoriy won by resignation"]

1. e4 e5 2. Nf3 Nc6 3. Bb5 a6 4. Ba4 Nf6 5. O-O Nxe4 6. d4 b5 7. Bb3 d5 8. dxe5 Be6 9. Nbd2 Be7 10. c3 O-O 11. Bc2 f5 12. exf6 Nxf6 13. Nb3 Bg4 14. h3 Bh5 15. Qd3 Ne4 16. Nbd4 Nxd4 17. Nxd4 Qd7 18.
f3 Nf6 19. Bg5 c5 20. Nf5 Bg6 21. Nxe7+ Qxe7 22. Bxf6 Qf7 23. Qd2 Bxc2 24. Be5 Bg6 25. Rae1 Rfe8 26. Rf2 Rad8 27. Rfe2 h6 28. b4 cxb4 29.
cxb4 d4 30. Bg3 Rxe2 31. Rxe2 d3 32. Re5 Rc8 33. Rc5 Re8 34. Re5 Rd8 35. Kh2 Qf6 36. Rc5 Re8 37. Qc1 Re2 38. Bf4 d2 39. Bxd2 Qxf3 0-1

[Event "*** Titled Tuesday Blitz"]
[Site "Chess.com"]
[Date "2020.12.29"]
[Round "10"]
[White "rubhani"]
[Black "francyIM"]
[Result "1-0"]
[WhiteElo "2504"]
[BlackElo "2667"]
[TimeControl "180+1"]
[EndTime "11:53:57 PST"]
[Termination "rubhani won by resignation"]

1. g3 e6 2. Bg2 f5 3. b3 Nf6 4.
Bb2 Be7 5. Nf3 O-O 6. O-O a5 7. a4 b6 8. Ne5 Ra7 9. Nc3 Bb7 10. Bxb7 Rxb7 11. d3 d6 12. Nf3 e5 13. e4 Qc8 14.
Re1 f4 15. d4 Qh3 16. Ng5 Qh6 17. Ne6 Re8 18. dxe5 d5 19. Nxd5 Nfd7 20. Nexf4 c6 21. Nxe7+ Rxe7 22. Qd6 Qxd6 23. exd6 Re8 24. e5 Nc5 25. e6 g5 26. d7 Nbxd7 27. exd7 Rxe1+ 28. Rxe1 Rxd7 29. Ne6 Re7 30. Bd4 Nxe6 31. Bxb6 Kf7 32. Bxa5 Rd7 33. Bc3 g4 34. Kg2 Ng5 35. a5 Kg6 36. a6 Ra7 37. Ra1 c5 38. Be5 Nf3 39. Bb8 Ra8 40. a7 Nd4 41. Ra6+ Kf5 42. Ra5 Ne6 43. b4 Ke4 44. bxc5 Kd5 45. c6+ Kxc6 46. Rh5 Nf8 47. Rh6+ Kd7 48. c4 Ke8 49. c5 Kd7 50.
c6+ Ke7 51. Bd6+ 1-0

[Event "*** Titled Tuesday Blitz"]
[Site "Chess.com"]
[Date "2020.12.29"]
[Round "10"]
[White "viktorko131"]
[Black "TheKingDoctor"]
[Result "0-1"]
[WhiteElo "2074"]
[BlackElo "2205"]
[TimeControl "180+1"]
[EndTime "11:54:00 PST"]
[Termination "TheKingDoctor won on time"]

1. e4 d5 2. exd5 Nf6 3. c4 c6 4. Nc3 cxd5 5. d4 Nc6 6. Bg5 Ne4 7. Nxe4 dxe4 8. Ne2 Qb6 9. d5 Ne5 10. Nc3 Qxb2 11.
Nxe4 Bg4 12. f3 Bf5 13. Rb1 Qxa2 14. Be2 h6 15. Bf4 Ng6 16. Bc7 Nh4 0-1

[Event "*** Titled Tuesday Blitz"]
[Site "Chess.com"]
[Date "2020.12.29"]
[Round "10"]
[White "KubaGepard"]
[Black "anon481216"]
[Result "1-0"]
[WhiteElo "2307"]
[BlackElo "2394"]
[TimeControl "180+1"]
[EndTime "11:54:01 PST"]
[Termination "KubaGepard won by resignation"]

1. e4 c5 2. Nc3 Nc6 3. Nf3 e6 4. d4 cxd4 5. Nxd4 Qc7 6. Be3 a6 7.
a3 Nf6 8. Be2 b5 9. Nxc6 dxc6 10. f4 Bb7 11. e5 Nd5 12. Nxd5 cxd5 13. c3 Bc5 14. Bd4 O-O 15. O-O f6 16. Bg4 f5 17.
Bf3 a5 18. Qd3 b4 19. cxb4 axb4 20. Rfc1 Bxd4+ 21. Qxd4 Qa5 22. Qxb4 Qxb4 23. axb4 Rxa1 24. Rxa1 Rc8 25. Ra7 Bc6 26. Ra6 Bd7 27. Rd6 Rc7 28.
Be2 Kf7 29. b5 Ke7 30. Bd3 Rc5 31. b6 Bc6 32. Ba6 Rc1+ 33. Kf2 Rc2+ 34. Ke3 Bd7 35. b4 Rb2 36. Kd4 Rxb4+ 37. Kc5 Rb2 38. b7 Kd8 39. Rb6 Rc2+ 1-0

[Event "*** Titled Tuesday Blitz"]
[Site "Chess.com"]
[Date "2020.12.29"]
[Round "10"]
[White "SHIVACalypso"]
[Black "biostatistician"]
[Result "1-0"]
[WhiteElo "2481"]
[BlackElo "2598"]
[TimeControl "180+1"]
[EndTime "11:54:02 PST"]
[Termination "SHIVACalypso won by resignation"]

1. Nf3 Nf6 2. c4 g6 3. g3 Bg7 4. Bg2 O-O 5. O-O b6 6. Nc3 Bb7 7. d4 Ne4 8. Nxe4 Bxe4 9. Ne1 Bxg2 10. Nxg2 c5 11. Be3 Nc6 12. d5 Na5 13. Qc2 d6 14.
Bd2 Rb8 15. Bc3 b5 16. Bxg7 Kxg7 17. Ne3 Nxc4 18. Nxc4 bxc4 19. Qxc4 Rb4 20. Qc3+ Kg8 21. a3 Rb5 22. b4 Qb6 23. bxc5 Rxc5 24. Qd3 Rfc8 25.
a4 Qa5 26. e4 Rc3 27. Qe2 Rc2 28. Qb5 R2c5 29. Qd7 Qc7 30. Qxc7 R8xc7 31. Rfb1 Ra5 32. Rb5 Rc5 33. Rxa5 Rxa5 34. Kf1 f5 35. f3 Kf7 36. Ke2 fxe4 37. fxe4 Kf6 38. Kd3 Ke5 39. Ra3 Rc5 40.
Rb3 Rc7 41. a5 Rc5 42. Rb7 Rxa5 43. Rxe7+ Kf6 44. Re6+ Kf7 45. Rxd6 Ra2 46. e5 Ra3+ 1-0

[Event "*** Titled Tuesday Blitz"]
[Site "Chess.com"]
[Date "2020.12.29"]
[Round "10"]
[White "Moon_stone123"]
[Black "Efremov_Vlad"]
[Result "1-0"]
[WhiteElo "2433"]
[BlackElo "2282"]
[TimeControl "180+1"]
[EndTime "11:54:02 PST"]
[Termination "Moon_stone123 won by checkmate"]

1. e4 c5 2. Nf3 Nf6 3. e5 Nd5 4. Nc3 Nxc3 5. dxc3 Nc6 6. Bc4 e6 7. O-O Qc7 8. Re1 b6 9. a4 Bb7 10. Qe2 h6 11. Bd2 Be7 12. Bd3 d5 13. exd6 Bxd6 14.
Rad1 Ne7 15. h3 O-O 16. Bc1 Rac8 17. Nd2 Rfd8 18. Nc4 Qc6 19. f3 Bg3 20. Ne5 Bxe5 21. Qxe5 Rd5 22. Qe2 Qd7 23. Bb5 Qd8 24. Bc4 Rxd1 25.
Rxd1 Nd5 26. Bd3 Qc7 27. Qe4 Nf6 28. Qh4 c4 29. Bf1 Qc5+ 30. Kh1 Nd5 31. Rd4 Ba6 32.
Bxh6 gxh6 33. Qxh6 f5 34. Qxe6+ Kf8 35. Rxd5 Qc6 36.
Rxf5+ Kg7 37. Qf7+ Kh6 38. Rh5# 1-0

[Event "*** Titled Tuesday Blitz"]
[Site "Chess.com"]
[Date "2020.12.29"]
[Round "10"]
[White "karinachess1"]
[Black "Spriteball"]
[Result "0-1"]
[WhiteElo "2460"]
[BlackElo "2336"]
[TimeControl "180+1"]
[EndTime "11:54:03 PST"]
[Termination "Spriteball won by resignation"]

1. Nf3 Nf6 2. c4 e6 3. d4 d5 4.
Nc3 c6 5. Bg5 Nbd7 6. e3 h6 7.
Bh4 Qa5 8. Qc2 Bb4 9. Nd2 dxc4 10.
Nxc4 Qh5 11. Bg3 O-O 12. Be2 Qf5 13. Bd3 Qh5 14. O-O b6 15. e4 Ba6 16. e5 Nd5 17.
Ne4 Be7 18. a3 c5 19. dxc5 Nxc5 20. Nxc5 Bxc5 21. Rae1 Rac8 22. Qa4 Bxc4 23. Bxc4 a5 24. Be2 Qg5 25. h4 Qxg3 26. Qe4 Nf4 27. Kh1 Qxh4+ 28. Kg1 Nh3+ 0-1

[Event "*** Titled Tuesday Blitz"]
[Site "Chess.com"]
[Date "2020.12.29"]
[Round "10"]
[White "DinaBelenkaya"]
[Black "AlanZhang"]
[Result "1-0"]
[WhiteElo "2370"]
[BlackElo "2141"]
[TimeControl "180+1"]
[EndTime "11:54:03 PST"]
[Termination "DinaBelenkaya won on time"]

1. e4 e5 2. Nf3 Nc6 3. d4 exd4 4. Nxd4 Bc5 5. Nf5 Qf6 6. Nc3 Nge7 7. Nd5 Nxd5 8. Qxd5 Bb6 9. c3 d6 10. Be2 Be6 11. Qd3 O-O-O 12. Be3 d5 13. Bxb6 dxe4 14. Qb5 axb6 15. Ne3 Qe5 16. Qa4 Kb8 17. O-O f5 18. Nc4 Qc5 19. b4 b5 20. bxc5 bxa4 21. Rab1 Ka7 22. Rb5 f4 23. Rfb1 Rb8 24. Na5 Ne7 25. Nc6+ 1-0

[Event "*** Titled Tuesday Blitz"]
[Site "Chess.com"]
[Date "2020.12.29"]
[Round "10"]
[White "chessdjw"]
[Black "eightbyeightchess"]
[Result "1-0"]
[WhiteElo "2596"]
[BlackElo "2374"]
[TimeControl "180+1"]
[EndTime "11:54:04 PST"]
[Termination "chessdjw won by resignation"]

1. d4 d5 2. Nf3 Nf6 3. Bf4 Bf5 4. e3 e6 5. c4 Bd6 6. Bxd6 Qxd6 7. c5 Qd7 8. Ne5 Qe7 9. Nd2 O-O 10. g4 Bg6 11.
h4 h5 12. g5 Nfd7 13. Nxg6 fxg6 14. f4 e5 15. fxe5 Nxe5 16. dxe5 Qxe5 17. Qb3 Nc6 18. O-O-O Rf2 19. Bd3 Qxe3 20. Bxg6 Qxc5+ 21. Kb1 Nd4 22. Qd3 Raf8 23. Rc1 Qb4 24. Nb3 c5 25. Rxc5 Nxb3 26.
Qxd5+ Kh8 27. axb3 Rd2 28. Qc4 Qb6 29. Bc2 Qd8 30. Qe4 1-0

[Event "*** Titled Tuesday Blitz"]
[Site "Chess.com"]
[Date "2020.12.29"]
[Round "10"]
[White "Nafania1"]
[Black "Geller_Jakov"]
[Result "0-1"]
[WhiteElo "2423"]
[BlackElo "2618"]
[TimeControl "180+1"]
[EndTime "11:54:05 PST"]
[Termination "Geller_Jakov won by resignation"]

1. e4 c5 2. Nf3 e6 3. g3 a6 4.
Bg2 b5 5. O-O Bb7 6. d4 cxd4 7. Nxd4 Nc6 8. a4 b4 9. c3 h5 10. h3 h4 11. g4 Nge7 12. Be3 Ng6 13. f4 Bc5 14. e5 bxc3 15. bxc3 Rb8 16. Nd2 O-O 17. Ne4 Ba7 18. Qe1 Nxd4 19. cxd4 Bxe4 20.
Bxe4 d5 21. Bd3 Rb3 22. Qe2 Qb6 23. Rab1 Nxf4 24. Rxf4 Rxb1+ 25. Rf1 Rxf1+ 26. Qxf1 Rc8 27. g5 g6 28. Qf6 Qb3 29. Bxg6 Qxe3+ 30. Kg2 Qe2+ 0-1

[Event "*** Titled Tuesday Blitz"]
[Site "Chess.com"]
[Date "2020.12.29"]
[Round "10"]
[White "Kopytkin"]
[Black "Sueetin"]
[Result "0-1"]
[WhiteElo "2371"]
[BlackElo "2492"]
[TimeControl "180+1"]
[EndTime "11:54:06 PST"]
[Termination "Sueetin won on time"]

1. d4 Nf6 2. Bg5 e6 3. Nd2 h6 4.
Bh4 d5 5. e3 g6 6. Bd3 Bg7 7. f4 b6 8. Ngf3 Ba6 9. Bxa6 Nxa6 10. c3 O-O 11. O-O c5 12. Ne5 Nc7 13. Rf3 Nce8 14.
Rh3 Nd6 15. g4 Qc7 16. Bxf6 Bxf6 17. Rxh6 Kg7 18. g5 Bxe5 19. fxe5 Nf5 20. Qf3 Qe7 21.
h4 Nxh6 22. gxh6+ Kxh6 23. Kg2 Kg7 24. Qg3 Rh8 25. Nf3 Rh5 26. Rg1 Rf5 27. Qg4 Rh8 28. Rh1 Rhh5 29. Rh3 b5 30. Rg3 c4 31. Ng5 a5 32.
Rf3 Rhxg5 33. hxg5 Rxg5 34. Kg3 Rxg4+ 35. Kxg4 b4 36. Rf2 a4 0-1

[Event "*** Titled Tuesday Blitz"]
[Site "Chess.com"]
[Date "2020.12.29"]
[Round "10"]
[White "ChrisTool2"]
[Black "PawnEatingZombie"]
[Result "1-0"]
[WhiteElo "2364"]
[BlackElo "2240"]
[TimeControl "180+1"]
[EndTime "11:54:06 PST"]
[Termination "ChrisTool2 won by resignation"]

1. e4 c6 2. d4 d5 3. Nc3 dxe4 4. Nxe4 Bf5 5. Ng3 Bg6 6. h4 h6 7. h5 Bh7 8. Nf3 Nd7 9. Bd3 Bxd3 10. Qxd3 e6 11.
Bd2 Ngf6 12. O-O-O Be7 13. Rhe1 O-O 14. Kb1 c5 15. Ne4 Qc7 16. Nxf6+ Bxf6 17. d5 exd5 18.
Qxd5 Nb6 19. Qf5 Nc4 20. Bc1 Qb6 21. b3 Nd6 22. Qg4 Nb5 23. Bb2 Nc3+ 24. Bxc3 Bxc3 25. Re3 Bf6 26. Red3 Qa5 27. Nh4 b5 28. Nf5 c4 29. Nxg7 Kh7 30. Qf5+ Kxg7 31. Rg3+ Bg5 32. Rxg5+ hxg5 33. h6+ Kg8 34. Qxg5+ 1-0

[Event "*** Titled Tuesday Blitz"]
[Site "Chess.com"]
[Date "2020.12.29"]
[Round "10"]
[White "Skatchkov_V"]
[Black "AniJak"]
[Result "1-0"]
[WhiteElo "2506"]
[BlackElo "2344"]
[TimeControl "180+1"]
[EndTime "11:54:07 PST"]
[Termination "Skatchkov_V won by resignation"]

1. d4 Nf6 2. Nf3 d5 3. c4 c6 4. Nc3 e6 5. Qc2 Nbd7 6. e3 Bd6 7.
g4 h6 8. h3 Qe7 9. Bd3 dxc4 10.
Bxc4 e5 11. Nh4 Nb6 12. Be2 exd4 13. exd4 Nbd5 14. Bd2 Nf4 15. O-O-O Nxe2+ 16. Nxe2 Be6 17. Nc3 O-O-O 18. Rhe1 Qc7 19. Nf5 Bxf5 20. Qxf5+ Kb8 21. Kb1 Qb6 22. Bf4 Bxf4 23. Qxf4+ Ka8 24. Re7 Qb4 25. Rxf7 Rhf8 26. Rxf8 Rxf8 27. a3 Qb3 28. Re1 Rd8 29. Qc7 Rb8 30. Qxg7 Nd5 31. Nxd5 cxd5 32. Qxh6 Qd3+ 33.
Ka1 Qxd4 34. Qe3 Qc4 35. Rd1 Rc8 36. Qd4 Qc2 37. Qxd5 Qxf2 38. g5 a6 39. g6 Rc2 40.
Qd8+ Ka7 41. Qd4+ Qxd4 42. Rxd4 Rg2 43. Rg4 1-0

[Event "*** Titled Tuesday Blitz"]
[Site "Chess.com"]
[Date "2020.12.29"]
[Round "10"]
[White "Piotrek1979"]
[Black "FlamingPhoenix123"]
[Result "0-1"]
[WhiteElo "2426"]
[BlackElo "2615"]
[TimeControl "180+1"]
[EndTime "11:54:08 PST"]
[Termination "FlamingPhoenix123 won by resignation"]

1. e4 c5 2. Nf3 d6 3. d4 cxd4 4. Qxd4 Nf6 5. Nc3 a6 6. Bc4 Nc6 7. Qd3 Bg4 8. Bb3 e6 9. Bg5 Be7 10. O-O-O O-O 11. Qe3 Rc8 12. e5 Nxe5 13. Nxe5 Bxd1 14. Rxd1 Nd5 15. Nxd5 Bxg5 16. f4 dxe5 17. fxg5 exd5 18. Rxd5 Qe7 19. Rxe5 Qd6 20. a4 Rfd8 21. Kb1 Rf8 22. h4 Rcd8 23. Re7 b5 24. a5 Qd1+ 25. Ka2 Qd2 26. Qb6 Qd6 27. Qa7 Qb4 28.
Bxf7+ Rxf7 29. Rxf7 Qc4+ 30. b3 Qxf7 31. Qxa6 Qc7 32. Qxb5 Qxc2+ 33. Ka3 Qc1+ 34. Kb4 Rd4+ 35. Qc4+ Rxc4+ 36. bxc4 Qb2+ 0-1

[Event "*** Titled Tuesday Blitz"]
[Site "Chess.com"]
[Date "2020.12.29"]
[Round "10"]
[White "swimmerchess"]
[Black "Storne89"]
[Result "1-0"]
[WhiteElo "2799"]
[BlackElo "2626"]
[TimeControl "180+1"]
[EndTime "11:54:09 PST"]
[Termination "swimmerchess won by resignation"]

1. e4 e5 2. Nf3 Nc6 3. Bb5 a6 4.
Ba4 Nf6 5. O-O Be7 6. Re1 b5 7. Bb3 O-O 8. a3 d6 9. c3 Na5 10. Ba2 c5 11. d4 Nd7 12. dxc5 dxc5 13. Bd5 Rb8 14. b4 Nc4 15. Bxc4 bxc4 16. Nbd2 cxb4 17. axb4 Qc7 18. Qe2 Nb6 19. Ra5 f6 20. Bb2 Bb7 21.
Rea1 Rfd8 22. Ne1 Rd7 23. Nc2 Rbd8 24. Bc1 Rd3 25. R5a3 Qd7 26. Nf1 Rd1 27. Be3 Rxa1 28. Rxa1 Qc6 29. Bxb6 Qxb6 30. Qxc4+ Kh8 31. Nfe3 Rc8 32.
Qf7 Bf8 33. Nd5 Bxd5 34. exd5 Qd6 35. Ne3 g6 36. c4 Bg7 37. c5 Qb8 38. d6 f5 39. d7 Rf8 40. Qe7 e4 41. Rd1 Bf6 42. Qxf6+ 1-0

[Event "*** Titled Tuesday Blitz"]
[Site "Chess.com"]
[Date "2020.12.29"]
[Round "10"]
[White "NMShanMeruga"]
[Black "rpragchess"]
[Result "1-0"]
[WhiteElo "2490"]
[BlackElo "2838"]
[TimeControl "180+1"]
[EndTime "11:54:10 PST"]
[Termination "NMShanMeruga won by resignation"]

1. e4 c5 2. Nf3 e6 3. d4 cxd4 4. Nxd4 a6 5. Bd3 Bc5 6. Nb3 Ba7 7. Qf3 d6 8. Qg3 Nf6 9. O-O Nc6 10. Nc3 b5 11. a3 Bb7 12. Kh1 Ne5 13. f4 Nxd3 14.
cxd3 h5 15. Be3 h4 16. Qf3 h3 17. Bxa7 hxg2+ 18. Qxg2 Rxa7 19. Qxg7 Ke7 20. f5 e5 21. Na5 Ba8 22. Nd5+ Bxd5 23. exd5 Rc7 24. Nc6+ Rxc6 25. dxc6 Rg8 26. Qh6 Qb6 27. Rac1 Qd4 28. Qh3 Ng4 29. f6+ Ke8 30. c7 Qg1+ 31. Kxg1 1-0

[Event "*** Titled Tuesday Blitz"]
[Site "Chess.com"]
[Date "2020.12.29"]
[Round "10"]
[White "Parhamov"]
[Black "TregubovP"]
[Result "1-0"]
[WhiteElo "2927"]
[BlackElo "2615"]
[TimeControl "180+1"]
[EndTime "11:54:10 PST"]
[Termination "Parhamov won on time"]

1. d4 Nf6 2. Bg5 Ne4 3. h4 Nxg5 4. hxg5 c5 5. d5 e5 6. dxe6 dxe6 7. Qxd8+ Kxd8 8. f4 Nc6 9. Nf3 Bd6 10. e3 e5 11. g3 Nb4 12. Na3 Bf5 13. Rd1 Ke7 14. c3 Nc2+ 15. Nxc2 Bxc2 16. Rd2 Bb1 17. Bc4 Be4 18. Kf2 Rad8 19. Rhd1 f6 20. Bd5 Bxf3 21. gxf6+ gxf6 22. Bxf3 b6 23. Rh1 h6 24. Rh5 Bc7 25. Bd5 b5 26. Kf3 c4 27. e4 a5 28. Rdh2 b4 29.
Rxh6 Rxh6 30. Rxh6 bxc3 31. bxc3 exf4 32. gxf4 Rb8 33. Rh7+ Kd6 34. Rf7 Bd8 35. Rf8 Ke7 36. Rh8 Rb1 37. e5 fxe5 38. fxe5 Rc1 39. Ke4 Rxc3 40.
Rh7+ Ke8 41. e6 Rc1 42. Bc6+ Kf8 43. Rf7+ Kg8 44. Rd7 Bf6 45. Rf7 1-0

[Event "*** Titled Tuesday Blitz"]
[Site "Chess.com"]
[Date "2020.12.29"]
[Round "10"]
[White "bazar-wokzal"]
[Black "drragnar1"]
[Result "1-0"]
[WhiteElo "2569"]
[BlackElo "2444"]
[TimeControl "180+1"]
[EndTime "11:54:11 PST"]
[Termination "bazar-wokzal won by checkmate"]

1. e4 c5 2. c3 d5 3. exd5 Qxd5 4. d4 Nf6 5. Nf3 Bg4 6. dxc5 Qxc5 7. h3 Bh5 8. Be3 Qa5 9. Qb3 Bxf3 10. gxf3 Qc7 11. Na3 a6 12. Nc4 Nbd7 13. Nb6 Nxb6 14. Bxb6 Qe5+ 15. Be2 Rc8 16. Qa4+ Rc6 17. O-O-O Nd7 18. Rxd7 Kxd7 19. Rd1+ Ke6 20. Bc4+ Kf5 21. Bd3+ Ke6 22. Bc4+ Kf5 23. Rd5 e6 24. Bd3+ Kf6 25.
Rxe5 Kxe5 26. Qd4# 1-0

[Event "*** Titled Tuesday Blitz"]
[Site "Chess.com"]
[Date "2020.12.29"]
[Round "10"]
[White "Morshynska"]
[Black "profofchess"]
[Result "1-0"]
[WhiteElo "2247"]
[BlackElo "2392"]
[TimeControl "180+1"]
[EndTime "11:54:11 PST"]
[Termination "Morshynska won by resignation"]

1. Nf3 Nc6 2. d4 d5 3. Bf4 Bg4 4.
e3 f6 5. Be2 Bxf3 6. Bxf3 e5 7.
dxe5 fxe5 8. Bg3 Nf6 9. c4 Bb4+ 10. Kf1 e4 11. Bh5+ g6 12. Be2 dxc4 13. Qa4 O-O 14.
a3 Bd6 15. Qxc4+ Kg7 16. Nc3 Bxg3 17. hxg3 Ne5 18. Qd4 Qe7 19. Nxe4 Rad8 20. Qc5 Qd7 21. Qxe5 Rde8 22. Nxf6 Rxf6 23. Rxh7+ Kxh7 24. Qxf6 Rd8 25. Rd1 1-0

[Event "*** Titled Tuesday Blitz"]
[Site "Chess.com"]
[Date "2020.12.29"]
[Round "10"]
[White "kingofthenil"]
[Black "penguingm1"]
[Result "1-0"]
[WhiteElo "2771"]
[BlackElo "2916"]
[TimeControl "180+1"]
[EndTime "11:54:13 PST"]
[Termination "kingofthenil won on time"]

1. e4 b5 2. Bxb5 f5 3. exf5 c6 4. Be2 d5 5. Bh5+ Kd7 6. Nf3 Kc7 7. Ne5 Nh6 8. d4 Rg8 9. Bf4 Kb7 10. c4 Nxf5 11. Nc3 e6 12. c5 Bd7 13. Bf7 Rh8 14.
Bh5 Qh4 15. g3 Qf6 16. Qd2 h6 17. h4 g5 18. hxg5 hxg5 19. Bxg5 Qg7 20. Bf4 Be8 21.
g4 Nd7 22. O-O-O Bxh5 23. gxh5 Nf6 24. Rdg1 Qh7 25. Rg6 Nxh5 26. Rxe6 Qg8 27. Rg6 1-0

[Event "*** Titled Tuesday Blitz"]
[Site "Chess.com"]
[Date "2020.12.29"]
[Round "10"]
[White "GigaQuparadze"]
[Black "Msb2"]
[Result "1-0"]
[WhiteElo "2895"]
[BlackElo "2797"]
[TimeControl "180+1"]
[EndTime "11:54:15 PST"]
[Termination "GigaQuparadze won by checkmate"]

1. e4 e6 2. d4 d5 3. Nd2 c5 4. Ngf3 cxd4 5. Nxd4 Nf6 6. exd5 Nxd5 7. N2f3 Bb4+ 8.
Bd2 O-O 9. Bd3 Nd7 10. O-O N7f6 11. c3 Be7 12. Qe2 a6 13. Ne5 Qc7 14. a3 b5 15.
a4 bxa4 16. Rxa4 Bb7 17. Re1 Bd6 18. Ndf3 a5 19. Rh4 g6 20. Bg5 Nd7 21. Nxg6 hxg6 22.
Bxg6 N7f6 23. Bb1 Bf4 24. Qc2 Rfd8 25. Rxf4 Nxf4 26. Bxf6 Ng6 27. Ne5 Nf8 28. Qc1 Rd5 29. Qh6 Ng6 30. Qg7# 1-0

[Event "*** Titled Tuesday Blitz"]
[Site "Chess.com"]
[Date "2020.12.29"]
[Round "10"]
[White "skoularikii"]
[Black "Zhigalko_Sergei"]
[Result "0-1"]
[WhiteElo "2632"]
[BlackElo "2862"]
[TimeControl "180+1"]
[EndTime "11:54:19 PST"]
[Termination "Zhigalko_Sergei won by resignation"]

1. e4 c5 2. Nf3 Nc6 3. Bb5 Nf6 4. e5 Nd5 5. O-O Nc7 6. Bxc6 dxc6 7. h3 h6 8. Nc3 Bf5 9. d3 g5 10. Qe2 Ne6 11.
Be3 Bg7 12. Rad1 Qc7 13. d4 cxd4 14. Bxd4 O-O 15. Rfe1 Rfd8 16. Na4 Nf4 17. Qd2 b6 18. b4 c5 19. bxc5 Qc6 20. Qb4 Bxh3 21. Be3 Nxg2 22. cxb6 Qxf3 23. b7 Nxe1 24. bxa8=Q Rxa8 0-1

[Event "*** Titled Tuesday Blitz"]
[Site "Chess.com"]
[Date "2020.12.29"]
[Round "10"]
[White "MPGM"]
[Black "NiranjanNavalgund"]
[Result "0-1"]
[WhiteElo "2684"]
[BlackElo "2508"]
[TimeControl "180+1"]
[EndTime "11:54:21 PST"]
[Termination "NiranjanNavalgund won by resignation"]

1. d4 Nf6 2. c4 e5 3. dxe5 Ng4 4. e3 Nxe5 5. Be2 a5 6. Nf3 Nxf3+ 7. Bxf3 Bc5 8. Nc3 Ra6 9. b3 Bb4 10. Bb2 O-O 11. a3 Bc5 12. Qc2 Rh6 13. O-O-O Nc6 14. Kb1 d6 15. g4 Qh4 16. Nd5 Ne5 17. Be4 Nxg4 18. Rdg1 f5 19. Bd3 Rg6 20. Nf4 Rg5 21. Rg3 Ne5 22. Rhg1 Rxg3 23. Rxg3 Rf7 24. Nd5 c6 25. f4 Nxd3 26. Qxd3 cxd5 27. Qxd5 Kf8 28. b4 axb4 29. axb4 Bxb4 30. Be5 Qe7 31. Bd4 Qe4+ 32. Qxe4 fxe4 33. Kc2 Bc5 34. Bc3 Be6 0-1

[Event "*** Titled Tuesday Blitz"]
[Site "Chess.com"]
[Date "2020.12.29"]
[Round "10"]
[White "ExcitingTrap"]
[Black "sotochess"]
[Result "0-1"]
[WhiteElo "2373"]
[BlackElo "2528"]
[TimeControl "180+1"]
[EndTime "11:54:22 PST"]
[Termination "sotochess won by resignation"]

1. e4 d5 2. exd5 Qxd5 3. Nc3 Qa5 4. d4 c6 5. Bc4 Nf6 6. Bd2 Qb6 7. Nf3 Qxb2 8. Rb1 Qa3 9. O-O e6 10. Re1 Be7 11.
Qe2 O-O 12. Qd3 Nbd7 13. Bf4 b5 14. Bb3 a5 15. d5 Nc5 16. Qd2 b4 17. Ne2 cxd5 18.
Ned4 Nce4 19. Rxe4 Nxe4 20. Qe3 Bc5 21. Qe1 a4 22.
Bc1 axb3 23. Bxa3 bxa2 24. Ra1 Rxa3 25. Qc1 Bd7 26. Qb2 Rfa8 27. Ne5 Be8 28. Nd3 Bf8 29. Nxb4 R3a4 30. Nd3 g6 31. c3 Bg7 32. Nc1 Nxc3 33.
Qxc3 Bxd4 34. Qc2 Bxa1 0-1

[Event "*** Titled Tuesday Blitz"]
[Site "Chess.com"]
[Date "2020.12.29"]
[Round "10"]
[White "LiderChessAcademy"]
[Black "Vamostodorecto"]
[Result "0-1"]
[WhiteElo "2579"]
[BlackElo "2448"]
[TimeControl "180+1"]
[EndTime "11:54:25 PST"]
[Termination "Vamostodorecto won by checkmate"]

1. e4 e5 2. Nf3 Nc6 3. Bb5 a6 4. Ba4 Nf6 5. O-O Be7 6. Re1 b5 7. Bb3 O-O 8. h3 Bb7 9. c3 d5 10. exd5 Nxd5 11. d3 f6 12. d4 exd4 13. Nxd4 Nxd4 14.
Qxd4 c5 15. Qe4 c4 16. Bc2 f5 17. Qe6+ Kh8 18. Na3 Bxa3 19. bxa3 Nxc3 20. Bb2 Qg5 21.
g3 Ne4 22. h4 Qd2 23. Bxe4 fxe4 24. Bxg7+ Kxg7 25. Qe5+ Rf6 26. Rf1 Qd5 27. Qc7+ Rf7 28. Qb6 e3 29. f3 Rxf3 30. Qc7+ Rf7 31. Rxf7+ Qxf7 32. Qe5+ Qf6 33. Qc7+ Kg8 34. Rf1 e2 35. Rxf6 e1=Q+ 36. Kh2 Qh1# 0-1

[Event "*** Titled Tuesday Blitz"]
[Site "Chess.com"]
[Date "2020.12.29"]
[Round "10"]
[White "Alexey_Ustinov"]
[Black "Blitzking642"]
[Result "1-0"]
[WhiteElo "2448"]
[BlackElo "2297"]
[TimeControl "180+1"]
[EndTime "11:54:26 PST"]
[Termination "Alexey_Ustinov won by resignation"]

1. d4 Nf6 2. Nf3 g6 3. Bf4 Bg7 4. Nbd2 c5 5. e3 O-O 6. c3 d6 7.
h3 b6 8. Be2 Bb7 9. O-O Nbd7 10. a4 a6 11. Bh2 Qc7 12. Rc1 Bc6 13. b4 cxb4 14. cxb4 Qb7 15. Qb3 Ne4 16. Rfd1 Nxd2 17.
Rxd2 Bd5 18. Qb2 e5 19. dxe5 Nxe5 20. Nxe5 dxe5 21. Bf1 e4 22. Qa3 Rfc8 23. Rcd1 Rc3 24. Qb2 Rxe3 25. Qb1 Rd3 26. Bxd3 exd3 27. Rxd3 Bxg2 28.
Rd8+ Rxd8 29. Rxd8+ Bf8 30. Bd6 h5 31. Rxf8+ Kh7 32. Qb2 1-0

[Event "*** Titled Tuesday Blitz"]
[Site "Chess.com"]
[Date "2020.12.29"]
[Round "10"]
[White "zverr1"]
[Black "Kaslask"]
[Result "1-0"]
[WhiteElo "2430"]
[BlackElo "2265"]
[TimeControl "180+1"]
[EndTime "11:54:27 PST"]
[Termination "zverr1 won on time"]

1. e4 c5 2. d4 cxd4 3. c3 Nf6 4. e5 Nd5 5. Qxd4 e6 6. Bd3 Nc6 7. Qe4 d6 8. Nf3 Qc7 9. O-O dxe5 10. Nbd2 Nf6 11.
Qe2 b6 12. Nc4 Bb7 13. a4 Rd8 14. Bg5 Be7 15. Rad1 e4 16. Bxe4 Nxe4 17. Qxe4 Nd4 18. Qh4 Nxf3+ 19. gxf3 Bxg5 20. Qxg5 O-O 21. Nd2 Qc6 22.
a5 Rd5 23. Qg3 Rfd8 24. a6 Bxa6 25. Ra1 Bb7 26. Ne4 f5 27. Nf6+ Kh8 28. Nxd5 Rxd5 29. Rxa7 h6 30. Qb8+ Bc8 31. Rc7 Qb5 32. Qxc8+ Kh7 33.
Qxe6 f4 34. h4 Rf5 35. Rd1 Re5 36. Qf6 1-0

[Event "*** Titled Tuesday Blitz"]
[Site "Chess.com"]
[Date "2020.12.29"]
[Round "10"]
[White "Alexandercs432"]
[Black "akanga001"]
[Result "1-0"]
[WhiteElo "2183"]
[BlackElo "1946"]
[TimeControl "180+1"]
[EndTime "11:54:29 PST"]
[Termination "Alexandercs432 won on time"]

1. e4 e5 2. Nf3 Nc6 3. Bb5 a6 4.
Ba4 Nf6 5. O-O b5 6. Bb3 Be7 7. Re1 d6 8. c3 O-O 9. h3 Nb8 10. d4 Nbd7 11. Nbd2 Bb7 12. Bc2 Nb6 13. Nf1 Nfd7 14.
Ng3 g6 15. d5 Re8 16. b3 Bf8 17. Bg5 f6 18. Bd2 Bg7 19. Nh2 Nc5 20. Qe2 c6 21.
c4 bxc4 22. bxc4 cxd5 23. cxd5 Rc8 24. Ba5 Ncd7 25. Rab1 Rc5 26. Bb4 Rc4 27. Bd3 Rc8 28.
Bxd6 Nc5 29. Bxc5 Rxc5 30. Bxa6 Bxa6 31. Qxa6 Nc4 32. Rec1 Qc7 33. Rb4 Nd6 34. Rxc5 Qxc5 35. Qa4 Rc8 36. Nhf1 Bf8 37. Kh2 f5 38. f3 fxe4 39.
Nxe4 Nc4 40. Nxc5 1-0